 Dungeon Crawl Stone Soup version 0.23-a0-79-gaa8cc03057 (webtiles) character file.

662 janiczek the Chopper (level 7, -6/55 HPs)
             Began as a Demonspawn Fighter on Aug 12, 2018.
             Was a Priest of Uskayaw.
             Mangled by an orc warrior
             ... wielding a +0 trident
              (18 damage)
             ... on level 6 of the Dungeon.
             The game lasted 00:09:38 (4140 turns).

janiczek the Chopper (Demonspawn Fighter)           Turns: 4140, Time: 00:09:38

Health: -6/55      AC:  9    Str: 18    XL:     7   Next: 30%
Magic:  7/7        EV:  7    Int:  9    God:    Uskayaw [***...]
Gold:   210        SH:  9    Dex: 15    Spells: 6/6 levels left

rFire    . . .     SeeInvis .   g - +1 hand axe (chop)
rCold    . . .     Gourm    .   c - +0 shield
rNeg     . . .     Faith    .   b - +0 scale mail
rPois    .         Spirit   .   (no helmet)
rElec    .         Reflect  .   s - +0 cloak
rCorr    .         Harm     .   (no gloves)
MR       .....                  u - +0 pair of boots
Stlth    ..........             n - amulet of magic regeneration
HPRegen  0.18/turn              l - +2 ring of strength
MPRegen  0.35/turn              (no ring)

@: no status effects
A: claws 2, powered by death 1, spiny 1
a: Stomp, Line Pass, Renounce Religion


You were on level 6 of the Dungeon.
You worshipped Uskayaw.
Uskayaw was noncommittal.
You were hungry.

You visited 2 branches of the dungeon, and saw 7 of its levels.

You collected 210 gold pieces.

Inventory:

Hand Weapons
 a - a +3 hand axe of freezing
 g - a +1 hand axe of chopping (weapon)
Armour
 b - a +0 scale mail (worn)
 c - a +0 shield (worn)
 s - a +0 cloak (worn)
 u - a +0 pair of boots (worn)
Jewellery
 l - a +2 ring of strength (left claw)
 n - an amulet of magic regeneration (around neck)
Wands
 y - a wand of clouds (7)
Scrolls
 e - 2 scrolls of enchant armour {unknown}
 h - 2 scrolls of teleportation {unknown}
 i - 2 scrolls of identify
 j - 6 scrolls of remove curse
 k - 2 scrolls of amnesia {unknown}
 m - a scroll of enchant weapon {unknown}
 q - 4 scrolls of blinking
 t - 2 scrolls of fear {unknown}
 w - 3 scrolls of fog {unknown}
Potions
 d - a potion of might
 o - 2 potions of invisibility {unknown}
 p - a potion of cancellation {unknown}
 r - a potion of curing {unknown}
 v - 2 potions of lignification {unknown}
 x - a potion of heal wounds {unknown}
 z - a potion of flight {unknown}
Comestibles
 f - 12 rations
 A - 2 chunks of flesh


   Skills:
 + Level 4.6 Fighting
 * Level 4.9 Axes
 + Level 4.1 Armour
 + Level 4.2 Shields


You had 6 spell levels left.
You didn't know any spells.
Your spell library was empty.

Dungeon Overview and Level Annotations

Branches:
Dungeon (6/15)             Temple (1/1) D:4

Altars:
Cheibriados
Kikubaaqudgha
Makhleb
Nemelex Xobeh
Qazlal
Trog
Uskayaw
Vehumet
The Shining One

Shops:
D:4 [


Innate Abilities, Weirdness & Mutations

You have very sharp fingernails.
You regenerate a little health from kills.
You are partially covered in sharp spines.


Message History

You hit the orc warrior.
The orc warrior is severely wounded.
You block the orc warrior's attack.
You hit the orc warrior but do no damage.
The orc warrior is severely wounded.
The orc warrior is struck by your spines.
The orc warrior hits you with a trident!
* * * LOW HITPOINT WARNING * * *
Uskayaw will force your foes to helplessly watch your dance.
Uskayaw prepares the audience for your solo!
The helpless orc warrior fails to defend itself.
You hit the orc warrior.
The orc warrior is almost dead.
The orc warrior is no longer paralysed.
You block the orc warrior's attack.
Unknown command.
You hit the orc warrior but do no damage.
The orc warrior is almost dead.
The orc warrior is struck by your spines.
The orc warrior hits you with a trident!!
You die...

#.####### #.#......
#.#.#.##### .>#.#......
#.#.#..####
##############.#.#......
.......[.....#.#.##.###.
....!.o@.......#...<....
###....#####.#.#.#######
+....+................
#....####.##.#########
##### #...........
####.####### #.# #.# #.#


You could see an orc warrior.

Vanquished Creatures
  2 ogres
  A scorpion (D:5)
  A centaur skeleton (D:5)
  3 orc priests
  An iguana (D:4)
  A bullfrog skeleton (D:4)
  2 orc wizards (D:4)
  2 worker ants
  6 adders
  An ooze (D:5)
  4 worms
  2 dart slugs
  A leopard gecko (D:2)
  17 orcs
  4 giant cockroaches
  5 goblins
  9 hobgoblins
  5 kobolds
  5 quokkas
  12 bats
  8 frilled lizards
  7 rats
99 creatures vanquished.

Notes
Turn   | Place    | Note
-------+----------+-------------------------------------------
     0 | D:1      | janiczek the Demonspawn Fighter began the quest for the Orb.
     0 | D:1      | Reached XP level 1. HP: 18/18 MP: 1/1
   156 | D:1      | Gained mutation: You are partially covered in sharp spines. [demonic ancestry]
   156 | D:1      | Reached XP level 2. HP: 24/24 MP: 2/2
   692 | D:2      | Gained mutation: You have sharp fingernails. [demonic ancestry]
   692 | D:2      | Reached XP level 3. HP: 29/29 MP: 3/3
  1171 | D:2      | Found a radiant altar of Vehumet.
  1258 | D:2      | Found a burning altar of Makhleb.
  1416 | D:3      | Reached XP level 4. HP: 31/35 MP: 4/4
  1944 | D:3      | Found a sparkling altar of Nemelex Xobeh.
  2383 | D:4      | Gained mutation: You regenerate a little health from kills. [demonic ancestry]
  2383 | D:4      | Reached XP level 5. HP: 38/42 MP: 5/5
  2459 | D:4      | Found a staircase to the Ecumenical Temple.
  2467 | Temple   | Entered the Ecumenical Temple
  2484 | Temple   | Became a worshipper of Uskayaw the Reveler
  2523 | D:4      | Reached * piety under Uskayaw
  2527 | D:4      | Reached ** piety under Uskayaw
  2684 | D:4      | Gained mutation: You have very sharp fingernails. [demonic ancestry]
  2684 | D:4      | Reached XP level 6. HP: 10/48 MP: 6/6
  2684 | D:4      | Reached *** piety under Uskayaw
  2986 | D:4      | Found a snail-covered altar of Cheibriados.
  3181 | D:4      | Found Vucvubli's Armour Shop.
  3543 | D:5      | Entered Level 5 of the Dungeon
  3748 | D:5      | Reached XP level 7. HP: 31/55 MP: 7/7
  4140 | D:6      | Mangled by an orc warrior

Vault maps used:
D:1:      nicolae_arrival_memento_mori, minmay_misc_feat_tiny
D:2:      lemuel_crystal_altar, marbit_many_paths, grunt_ministairs_12,
          hangedman_feature_mirror
D:3:      nemelex_xobeh_ov_fountains_minmay
D:4:      nicolae_overflow_hidden_temple, minmay_temple_entry_glassed_door,
          serial_shops, shop
D:5:      first_ration, minmay_crystal_room, minmay_fountain_box
D:6:      okawaru_ov_weapons_minmay,
          nicolae_gozag_cash_rules_everything_around_me
Temple:   zaba_magenta_temple

Skill      XL: |  1  2  3  4  5  6 |
---------------+-------------------+-----
Axes           | 2 3 4 |  4.9
Shields        | 3 4 |  4.2
Armour         | 3 4 |  4.1
Fighting       | 4 |  4.6

Action                   |  1- 3 |  4- 6 |  7- 9 || total
-------------------------+-------+-------+-------++-------
Melee: War axe           |    71 |   101 |       ||   172
       Hand axe          |       |    62 |    34 ||    96
  Use: Scroll            |       |     2 |       ||     2
 Stab: Paralysed         |       |       |     1 ||     1
  Eat: Chunk             |     2 |     7 |     1 ||    10
Armor: Scale mail        |    31 |    56 |     5 ||    92
Dodge: Dodged            |    22 |    43 |    10 ||    75
Block: Shield            |    38 |    87 |    13 ||   138

Table legend:
 A = Non-vault XP
 B = Vault XP
 C = Vault XP percentage of total XP
 D = Non-vault monster count
 E = Vault monster count
 F = Vault count percentage of total count
 G = Total turns spent on level
                 A         B        C        D         E       F
            +---------+---------+-------+---------+---------+-------
      Total |     943 |       4 |   0.4 |      96 |       3 |   3.0
            +---------+---------+-------+---------+---------+-------
        D:1 |      27 |       0 |   0.0 |      16 |       0 |   0.0
        D:2 |      61 |       4 |   6.2 |      19 |       3 |  13.6
        D:3 |      80 |       0 |   0.0 |      26 |       0 |   0.0
        D:4 |     442 |       0 |   0.0 |      20 |       0 |   0.0
        D:5 |     327 |       0 |   0.0 |      13 |       0 |   0.0
        D:6 |       6 |       0 |   0.0 |       2 |       0 |   0.0
            +---------+---------+-------+---------+---------+-------
